 Dungeon Crawl Stone Soup version 0.19.5 (webtiles) character file.

10004 NullDivider the Geomancer (level 11, -2/54 HPs)
             Began as a Gargoyle Earth Elementalist on May 12, 2017.
             Was a Follower of Ashenzari.
             Killed by the air
             ... invoked by Gastronok
              (29 damage)
             ... on level 1 of the Lair of Beasts on May 13, 2017.
             The game lasted 02:20:38 (17494 turns).

NullDivider the Geomancer (GrEE)                   Turns: 17494, Time: 02:20:39

Health: -2/54      AC: 11    Str: 14    XL:     11   Next: 55%
Magic:  2/23       EV: 16    Int: 24    God:    Ashenzari [*.....]
Gold:   335        SH:  0    Dex: 12    Spells: 4 memorised, 14 levels left

rFire  + . .     SeeInvis .     x - +1 long sword "Jucah" {freeze, Fragile rN++ Str+2 Stlth+} (curse)
rCold  + . .     Gourm    .     c - +0 robe
rNeg   + + +     Faith    .     (no shield)
rPois  ∞         Spirit   .     (helmet restricted)
rElec  +         Reflect  .     (no cloak)
rCorr  .         Harm     .     (no gloves)
MR     .....                    (no boots)
Stlth  +++.......               s - amulet of magic regeneration (curse)
                                G - +5 ring of intelligence (curse)
                                A - +2 ring of dexterity

@: no status effects
A: antennae 1, iridescent scales 1, cold resistance 1, fire resistance 1,
negative energy resistance 1, electricity resistance, unbreathing, petrification
resistance, rot immunity, AC +7
a: Curse Item, Scrying, Renounce Religion


You were on level 1 of the Lair of Beasts.
You worshipped Ashenzari.
Ashenzari was aware of your devotion.
You were very hungry.

You visited 3 branches of the dungeon, and saw 11 of its levels.

You collected 335 gold pieces.

Inventory:

Hand Weapons
 x - the cursed +1 long sword "Jucah" (weapon) {freeze, Fragile rN++ Str+2 Stlth+}
   (You found it on level 8 of the Dungeon)

   It has been specially enchanted to freeze those struck by it, causing extra
   injury to most foes and up to half again as much damage against particularly
   susceptible opponents.
   It can also slow down cold-blooded creatures.
   It affects your strength (+2).
   It greatly protects you from negative energy.
   It will be destroyed if unequipped.
   It makes you more stealthy.
   It has a curse placed upon it.
Missiles
 b - 346 stones (quivered)
Armour
 c - a +0 robe (worn)
Jewellery
 p - a +5 ring of strength
 s - a cursed amulet of magic regeneration (around neck)
 v - an uncursed amulet of rage
 A - a +2 ring of dexterity (left hand)
 G - a cursed +5 ring of intelligence (right hand)
 I - an uncursed ring of resist corrosion
Wands
 g - a wand of disintegration (10/24)
 h - a wand of lightning (0/15)
 o - a wand of slowing (21/48)
 u - a wand of digging (10/24)
 z - a wand of enslavement (17/24)
Scrolls
 f - 3 scrolls of magic mapping
 q - a scroll of fog {unknown}
 t - a scroll of noise
 y - a scroll of amnesia
 B - 3 scrolls of identify
 C - a scroll of recharging {unknown}
 E - 2 scrolls of teleportation
 F - a scroll of enchant weapon
 H - a scroll of vulnerability {unknown}
 J - a scroll of summoning {unknown}
Potions
 a - 6 potions of curing
 d - a potion of lignification {unknown}
 i - a potion of mutation {unknown}
 j - a potion of agility {unknown}
 k - 3 potions of magic
 m - a potion of ambrosia {unknown}
 n - 2 potions of heal wounds
 D - 2 potions of haste
Books
 e - a book of Geomancy

   Spells                             Type                      Level
   a - Sandblast                      Earth                        1
   b - Passwall                       Transmutation/Earth          2
   c - Stone Arrow                    Conjuration/Earth            3
   d - Petrify                        Transmutation/Earth          4
   e - Lee's Rapid Deconstruction     Earth                        5
 w - a book of Minor Magic

   Spells                             Type                      Level
   a - Magic Dart                     Conjuration                  1
   b - Blink                          Translocation                2
   c - Call Imp                       Summoning                    2
   d - Repel Missiles                 Charms/Air                   2
   e - Slow                           Hexes                        2
   f - Conjure Flame                  Conjuration/Fire             3
   g - Mephitic Cloud                 Conjuration/Poison/Air       3
Comestibles
 l - 2 meat rations
 r - 3 slices of pizza


   Skills:
 + Level 7.5 Dodging
 - Level 2.1 Stealth
 + Level 8.5 Spellcasting
 - Level 0.7 Transmutations
 * Level 14.8 Earth Magic


You had 14 spell levels left.
You knew the following spells:

 Your Spells              Type           Power        Failure   Level  Hunger
a - Sandblast             Erth           ######       0%          1    None
b - Stone Arrow           Conj/Erth      #####.       1%          3    None
c - Lee's Rapid Deconstr  Erth           ######....   1%          5    ####...
d - Petrify               Tmut/Erth      #####...     2%          4    ##.....


Dungeon Overview and Level Annotations

Branches:
Dungeon (9/15)             Temple (1/1) D:4            Lair (1/6) D:9
    Orc: D:9-12

Altars:
Ashenzari
Cheibriados
Dithmenos
Elyvilon
Fedhas
Gozag
Hepliaklqana
Kikubaaqudgha
Makhleb
Nemelex Xobeh
Okawaru
Qazlal
Ru
Sif Muna
Trog
Uskayaw
Vehumet
Xom
Yredelemnul
Zin
The Shining One

Shops:
D:4 *

Annotations:
Lair:1 Gastronok


Innate Abilities, Weirdness & Mutations

You are resistant to torment.
Your stone body is resilient. (AC +7)
You are immune to poison.
You resist negative energy. (rN+)
You are resistant to electric shocks. (rElec)
You can survive without breathing.
You are immune to petrification.
You are immune to rotting.
You have a pair of small antennae on your head.
You are partially covered in iridescent scales. (AC +2)
Your flesh is cold resistant. (rC+)
Your flesh is heat resistant. (rF+)


Message History

The wall shatters!
The blast of rock fragments hits Gastronok.
Gastronok is severely wounded.
You are feeling very hungry.
Casting: Lee's Rapid Deconstruction
Confirm with . or Enter, or press ? or * to list all spells.
Aiming: Lee's Rapid Deconstruction
Press: ? - help, Dir - move target cursor The wall shatters!
The blast of rock fragments hits Gastronok.
Gastronok is almost dead.
You hear an angry hiss.
Gastronok chants a spell, wobbling all the while.
Gastronok waves his eye-stalks in wide circles.
The air twists around and strikes you!
Ouch! That really hurt!
Gastronok waves his eye-stalks in wide circles.
The air twists around and strikes you!
Ouch! That really hurt!
You die...

###...# .>.♣. .>..# #♣.>#P###.#
#.#...###...# .....# #..........
........##w.## #....##...........
.........#...###.♣.#.#...........
....####.##.r.#....#....##.......
....# #####...........##........
....# #..........##.........
....#########........##..........
.......(.....###@...#....†.......
......#P###....#.♣.#.....##.###.#
......# ##...#+.+#.....#### ##.
......######.............# ###.
.........................#####.#P
.................................
P##..#.###..^....................
###..### ##...........#.#######.#
#..# ##...........####### ###


You could see Gastronok and a quokka.

Vanquished Creatures
  Erica (D:9)
  Pikel (D:7)
  A cyclops (D:9)
  2 komodo dragons
  Prince Ribbit (D:8)
  A two-headed ogre (D:8)
  Grinder (D:5)
  2 blink frogs (Lair:1)
  2 hippogriffs
  6 yaks (Lair:1)
  A basilisk (Lair:1)
  A hungry ghost (D:8)
  A water moccasin (D:9)
  A porcupine (Lair:1)
  An eye of draining (D:9)
  2 ice beasts
  3 slaves (D:6)
  A phantom (D:5)
  2 orc warriors
  3 sky beasts
  2 black bears (D:9)
  2 centaurs
  3 ogres
  6 wolves
  5 bullfrogs
  2 big kobolds
  Blork the orc (D:6)
  3 scorpions
  3 killer bees (D:9)
  9 wights
  3 centaur zombies
  3 crimson imps
  9 hounds
  6 orc priests
  Crazy Yiuf (D:2)
  2 jellies
  A bullfrog skeleton (D:6)
  5 centaur skeletons
  10 orc wizards
  Jessica (D:3)
  Terence (D:2)
  2 iguanas
  14 worker ants
  A killer bee zombie (D:8)
  A hound skeleton (D:7)
  Robin (D:2)
  4 gnolls
  10 adders
  2 shadow imps
  2 worm zombies (D:5)
  2 adder skeletons
  3 worms
  3 dart slugs
  7 leopard geckos
  38 orcs
  2 ball pythons (D:1)
  4 giant cockroaches
  18 goblins
  10 hobgoblins
  13 jackals
  5 quokkas
  9 bats
  6 frilled lizards
  16 kobolds
  A quokka zombie (D:6)
  12 rats
  A fungus (Lair:1)
299 creatures vanquished.

Vanquished Creatures (others)
  An adder (D:2)
  An orc (D:7)
  A goblin (D:1)
  A fungus (Lair:1)
  A plant (D:9)
5 creatures vanquished.

Grand Total: 304 creatures vanquished

Notes
Turn   | Place    | Note
-------+----------+-------------------------------------------
     0 | D:1      | NullDivider the Gargoyle Earth Elementalist began the quest for the Orb.
     0 | D:1      | Reached XP level 1. HP: 10/10 MP: 3/3
   153 | D:1      | Reached XP level 2. HP: 15/15 MP: 1/5
   225 | D:1      | Reached skill level 4 in Earth Magic
   565 | D:1      | Reached XP level 3. HP: 19/19 MP: 4/6
  1195 | D:1      | Learned a level 3 spell: Stone Arrow
  1599 | D:2      | Found a stormy altar of Qazlal.
  2068 | D:2      | Reached XP level 4. HP: 24/24 MP: 0/7
  2509 | D:2      | Noticed Robin
  3152 | D:2      | Reached skill level 5 in Earth Magic
  3273 | D:2      | Killed Robin
  3449 | D:2      | Found a runed door.
  3696 | D:2      | Noticed Crazy Yiuf
  3707 | D:2      | Killed Crazy Yiuf
  3707 | D:2      | Reached XP level 5. HP: 22/28 MP: 0/9
  4170 | D:3      | Noticed Jessica
  4192 | D:3      | Killed Jessica
  4341 | D:3      | Noticed Terence
  4403 | D:2      | Killed Terence
  4403 | D:2      | Reached skill level 6 in Earth Magic
  4620 | D:3      | Reached XP level 6. HP: 29/32 MP: 0/11
  4824 | D:3      | Found a shimmering altar of Xom.
  4825 | D:3      | Found a shimmering altar of Xom.
  4826 | D:3      | Found a shimmering altar of Xom.
  5580 | D:4      | Found a blossoming altar of Fedhas.
  6326 | D:4      | Reached skill level 7 in Earth Magic
  6379 | D:3      | Reached XP level 7. HP: 16/36 MP: 0/12
  7030 | D:4      | Found a staircase to the Ecumenical Temple.
  7431 | D:4      | Found Jala's Assorted Antiques.
  7566 | D:5      | Entered Level 5 of the Dungeon
  8100 | D:5      | Reached skill level 8 in Earth Magic
  8414 | D:5      | Noticed Grinder
  8420 | D:5      | Killed Grinder
  8420 | D:5      | Reached XP level 8. HP: 41/41 MP: 0/15
  9145 | D:5      | Found a bloodstained altar of Trog.
  9145 | D:5      | Found a stormy altar of Qazlal.
  9267 | D:5      | Reached skill level 9 in Earth Magic
  9539 | D:5      | Reached skill level 5 in Spellcasting
  9847 | D:5      | Found a sacrificial altar of Ru.
 10039 | D:6      | Noticed Blork the orc
 10045 | D:6      | Killed Blork the orc
 10198 | D:6      | Found a shadowy altar of Dithmenos.
 10295 | D:6      | Reached skill level 10 in Earth Magic
 10318 | D:6      | Reached XP level 9. HP: 22/45 MP: 2/17
 11328 | D:7      | Noticed Pikel
 11547 | D:6      | Reached skill level 5 in Dodging
 11842 | D:7      | Reached skill level 11 in Earth Magic
 12476 | D:7      | Killed Pikel
 12978 | D:7      | Reached XP level 10. HP: 47/50 MP: 3/20
 13026 | D:7      | Reached skill level 12 in Earth Magic
 13288 | D:7      | Learned a level 5 spell: Lee's Rapid Deconstruction
 13293 | D:7      | Learned a level 4 spell: Petrify
 13308 | D:8      | Got an ancient long sword
 13309 | D:8      | Identified the +1 long sword "Jucah" {freeze, Fragile rN++ Str+2 Stlth+} (You found it on level 8 of the Dungeon)
 13431 | D:8      | Gained mutation: You are clumsy. (Dex -2) [mutagenic meat]
 13432 | D:8      | Gained mutation: You are partially covered in iridescent scales. (AC +2) [mutagenic meat]
 13433 | D:8      | Gained mutation: You have a pair of small antennae on your head. [mutagenic meat]
 13434 | D:8      | Lost mutation: You are clumsy. (Dex -2) [mutagenic meat]
 13435 | D:8      | Gained mutation: Your flesh is heat resistant. (rF+) [mutagenic meat]
 13436 | D:8      | Gained mutation: Your flesh is cold resistant. (rC+) [mutagenic meat]
 13753 | Temple   | Entered the Ecumenical Temple
 13765 | Temple   | Became a worshipper of Ashenzari the Shackled
 13893 | D:8      | Noticed Prince Ribbit
 13897 | D:8      | Killed Prince Ribbit
 14691 | D:9      | Reached skill level 13 in Earth Magic
 15249 | D:9      | Noticed a cyclops
 15581 | D:9      | Killed a cyclops
 15756 | D:9      | Found a staircase to the Lair.
 15902 | D:9      | Reached XP level 11. HP: 45/54 MP: 11/22
 15988 | D:9      | Noticed Erica
 15990 | D:9      | Killed Erica
 15990 | D:9      | Reached skill level 14 in Earth Magic
 16582 | Lair:1   | Entered Level 1 of the Lair of Beasts
 17004 | Lair:1   | Reached * piety under Ashenzari
 17480 | Lair:1   | Noticed Gastronok
 17494 | Lair:1   | Killed from afar by Gastronok

Skill      XL: |  1  2  3  4  5  6  7  8  9 10 11 |
---------------+----------------------------------+-----
Earth Magic    | 4 5 6 7 8 10 11 13 14 | 14.8
Dodging        | 2 3 4 5 6 7 |  7.5
Spellcasting   | 3 4 5 6 7 8 |  8.5
Stealth        | |  2.1
Transmutations | |  0.7

Action                   |  1- 3 |  4- 6 |  7- 9 | 10-12 || total
-------------------------+-------+-------+-------+-------++-------
Melee: Unarmed           |    19 |     6 |       |       ||    25
       Club              |       |   166 |    64 |       ||   230
       Long sword        |       |       |       |   130 ||   130
 Cast: Sandblast         |    61 |    92 |   156 |     7 ||   316
       Stone Arrow       |     6 |    37 |   148 |   108 ||   299
       Lee's Rapid Decon |       |       |       |    44 ||    44
Invok: Curse Item        |       |       |       |     3 ||     3
Evoke: Wand              |       |       |     6 |       ||     6
  Use: Scroll            |       |     8 |     7 |     4 ||    19
       Potion            |       |     1 |     1 |       ||     2
 Stab: Sleeping          |     1 |     2 |       |       ||     3
  Eat: Chunk             |     2 |     9 |    13 |    20 ||    44
       Bread ration      |     1 |     2 |     2 |       ||     5
       Meat ration       |       |       |     1 |     2 ||     3
       Beef jerky        |       |       |       |     1 ||     1
Armor: Robe              |    20 |   103 |    55 |    73 ||   251
Dodge: Dodged            |    55 |   194 |   140 |   188 ||   577
       Rpst.: Long sword |       |       |       |    67 ||    67
